 Dungeon Crawl Stone Soup version 0.30.1-4-g462c640d31 (webtiles) character file.

Game seed: 5285308232371892655

2020 Heoruswealwe the Skirmisher (level 8, 0/74 HPs)
             Began as a Demigod Hunter on Aug 10, 2023.
             Shot with a sling bullet by Joseph (15 damage)
             ... on level 7 of the Dungeon.
             The game lasted 00:48:35 (6168 turns).

Heoruswealwe the Skirmisher (Demigod Hunter)        Turns: 6168, Time: 00:48:36

Health: 0/74       AC:  8    Str: 12    XL:     8   Next: 72%
Magic:  10/10      EV: 12    Int: 11    God:
Gold:   97         SH:  0    Dex: 25    Spells: 7/7 levels left

rFire   . . .        a - +0 shortbow
rCold   . . .        (shield currently unavailable)
rNeg    . . .        c - +0 leather armour
rPois   .            g - +2 helmet
rElec   .            (no cloak)
rCorr   .            f - +1 pair of gloves
SInv    +            (no boots)
Will    .....        (no amulet)
Stlth   ++           k - ring of see invisible
HPRegen 0.32/turn    j - ring of flight
MPRegen 0.12/turn

%: no passive effects
@: flying
A: high MP 1, forlorn, divine attributes
a: no special abilities


You were on level 7 of the Dungeon.
You visited 2 branches of the dungeon, and saw 8 of its levels.

You collected 272 gold pieces.
You spent 175 gold pieces at shops.

Inventory:

Hand Weapons
 a - a +0 shortbow (weapon)
 b - a +0 war axe
 A - a +2 demon trident of electrocution
Armour
 c - a +0 leather armour (worn)
 f - a +1 pair of gloves (worn)
 g - a +2 helmet (worn)
Jewellery
 j - a ring of flight (right hand)
 k - a ring of see invisible (left hand)
 o - an amulet of magic regeneration
 u - a ring of magical power
Wands
 D - a wand of digging (3)
Scrolls
 d - 2 scrolls of amnesia {unknown}
 i - a scroll of blinking {unknown}
 l - 3 scrolls of enchant armour
 n - 3 scrolls of magic mapping
 s - 2 scrolls of teleportation {unknown}
 y - a scroll of immolation
 z - 3 scrolls of identify {unknown}
 E - a scroll of fear {unknown}
Potions
 e - a potion of berserk rage {unknown}
 h - a potion of mutation {unknown}
 p - a potion of magic {unknown}
 q - a potion of resistance {unknown}
 r - a potion of haste {unknown}
 t - a potion of lignification {unknown}
 v - a potion of brilliance
 w - a potion of might {unknown}
 x - a potion of heal wounds {unknown}
 B - a potion of degeneration {unknown}
 C - a potion of flight {unknown}


   Skills:
 + Level 7.8 Fighting
 + Level 8.5 Ranged Weapons
 - Level 1.7 Dodging
 - Level 0.8 Stealth


You had 7 spell levels left.
You didn't know any spells.
Your spell library contained the following spells:

 Spells                   Type           Power      Damage    Failure   Level
 Blink                    Tloc           0%         N/A       56%         2
 Manifold Assault         Tloc           0%         N/A       99%         4
 Storm Form               Tmut/Air       0%         N/A       100%        7


Dungeon Overview and Level Annotations

Branches:
Dungeon (7/15)             Temple (1/1) D:6

Shops:
D:4 =

Annotations:
D:7 Joseph


Innate Abilities, Weirdness & Mutations

You have an increased reservoir of magic. (+10% MP)
You shall have no god before yourself.
Your divine heritage dramatically boosts your attributes as you level up.


Message History

You shoot an arrow. The arrow hits Joseph.
Joseph is lightly wounded.
You shoot an arrow. The arrow barely misses Joseph.
You shoot an arrow.
The arrow hits Joseph but does no damage.
Joseph is lightly wounded.
Joseph shoots a sling bullet.
The sling bullet hits you.
You are too injured to fight recklessly!
Fire: a) +0 shortbow
Press: ? - help, Q - select action Shift-Dir - straight line, f/p - Joseph
Aim: Joseph, wielding a +0 sling and wearing a +2 ring mail of cold resistance (lightly wounded, 73% to hit)
You shoot an arrow.
The arrow hits Joseph but does no damage.
Joseph is lightly wounded.
Joseph shoots a sling bullet.
The sling bullet hits you!
Really read the scroll of immolation?
As you read the scroll of immolation, it crumbles to dust.
The creatures around you are filled with an inner flame!
Joseph shoots a sling bullet.
The sling bullet hits you!
* * * LOW HITPOINT WARNING * * *
Fire: a) +0 shortbow
Press: ? - help, Q - select action Shift-Dir - straight line, f/p - Joseph
Aim: Joseph, wielding a +0 sling and wearing a +2 ring mail of cold resistance (lightly wounded, inner flame, 73% to hit)
You shoot an arrow. The arrow hits Joseph!
Flame seeps out of Joseph.
Joseph is lightly wounded.
Joseph is engulfed in blazing flames.
Flame seeps out of Joseph.
Joseph shoots a sling bullet.
The sling bullet hits you but does no damage.
Fire: a) +0 shortbow
Press: ? - help, Q - select action Shift-Dir - straight line, f/p - Joseph
Aim: Joseph, wielding a +0 sling and wearing a +2 ring mail of cold resistance (flame, moderately wounded, inner flame, 73% to hit)
You shoot an arrow. The arrow completely misses Joseph.
Joseph is engulfed in blazing flames.
Flame seeps out of Joseph.
Joseph shoots a sling bullet.
The sling bullet closely misses you.
Fire: a) +0 shortbow
Press: ? - help, Q - select action Shift-Dir - straight line, f/p - Joseph
Aim: Joseph, wielding a +0 sling and wearing a +2 ring mail of cold resistance (moderately wounded, inner flame, 73% to hit)
You shoot an arrow. The arrow completely misses Joseph.
Joseph shoots a sling bullet.
The sling bullet hits you!
You die...

.# #.# #.#
############.#######
#)).......##........
#.#######.##...#####
#..≈≈≈≈..@.)..##(((#
#.#≈≈≈≈###....#(#(#.
#.#≈≈≈# ##...#((#..
#.#≈≈## ##..#(#.#.
#.##########.@##...#
#.............°#####
##.#####.####.......
#.# #.# .###### #.#
#.# .#


You could see Joseph (inner flame) and 5 dancing weapons.

Vanquished Creatures
  A black bear (D:6)
  2 ice beasts
  2 centaurs
  4 phantoms
  3 kobold brigands
  A bullfrog (D:6)
  4 scorpions
  An electric eel (D:7)
  3 howler monkeys
  4 hounds
  2 jellies
  An orc priest (D:6)
  2 orc wizards
  4 iguanas
  3 gnolls (D:5)
  12 adders
  3 white imps
  An ufetubus (D:5)
  A worm (D:4)
  2 dart slugs
  8 orcs
  4 ball pythons
  11 endoplasms
  5 giant cockroaches
  12 goblins
  7 hobgoblins
  6 jackals
  21 kobolds
  2 quokkas
  6 bats
  5 frilled lizards
  2 rats (D:2)
145 creatures vanquished.

Notes
Turn   | Place    | Note
-------+----------+-------------------------------------------
     0 | D:1      | Heoruswealwe the Demigod Hunter began the quest for the
                  | Orb.
     0 | D:1      | Reached XP level 1. HP: 17/17 MP: 3/3
   124 | D:1      | Reached XP level 2. HP: 24/24 MP: 4/4
   197 | D:1      | Reached skill level 4 in Ranged Weapons
   575 | D:2      | Reached XP level 3. HP: 29/30 MP: 5/5
   812 | D:2      | Noticed a scorpion
   821 | D:2      | Killed a scorpion
   822 | D:2      | Reached XP level 4. HP: 4/38 MP: 6/6
  1759 | D:1      | You fall into a shaft and drop 1 floor!
  1855 | D:3      | Reached XP level 5. HP: 46/46 MP: 7/7
  1875 | D:3      | Reached skill level 5 in Ranged Weapons
  2638 | D:4      | Reached XP level 6. HP: 41/53 MP: 8/8
  3110 | D:4      | Reached skill level 5 in Fighting
  3110 | D:4      | Reached skill level 6 in Ranged Weapons
  3121 | D:4      | Found Solaonuq's Jewellery Boutique.
  3228 | D:4      | Bought a ring of flight for 175 gold pieces
  3238 | D:5      | Entered Level 5 of the Dungeon
  3381 | D:5      | Reached XP level 7. HP: 18/61 MP: 9/9
  4616 | D:5      | Reached skill level 7 in Ranged Weapons
  5114 | D:6      | Reached XP level 8. HP: 71/71 MP: 10/10
  5266 | D:6      | Reached skill level 8 in Ranged Weapons
  5399 | D:6      | Found a staircase to the Ecumenical Temple.
  5405 | Temple   | Entered the Ecumenical Temple
  6141 | D:7      | Noticed a +0 spear
  6141 | D:7      | Noticed a +0 spear
  6142 | D:7      | Noticed a +0 dagger
  6142 | D:7      | Noticed a +0 falchion
  6142 | D:7      | Noticed a +0 short sword
  6142 | D:7      | Noticed a +0 short sword
  6142 | D:7      | Noticed a +0 dagger
  6143 | D:7      | Noticed a +0 falchion
  6159 | D:7      | Noticed Joseph
  6168 | D:7      | Shot with a sling bullet by Joseph

Illustrated notes

Levels and vault maps discovered:
D:1:      dpeg_arrival_tiny_a, layout_rooms, minmay_3d_cube
D:2:      layout_loops_corners, minmay_pentomino_u2
D:3:      wander_river, layout_loops_ring, mainiacjoe_overflow_alcove_4,
          minmay_between
D:4:      layout_basic, serial_shops, nicolae_shop_gaudy_bauble
D:5:      corexii_shack_village, layout_loops_corners,
          mainiacjoe_overflow_two_lobes, st_stairs_13, grunt_ministairs_2,
          serial_park_tiny_pond
D:6:      layout_basic, mainiacjoe_overflow_six_doors_small,
          general_overflow_altar, minmay_temple_entry_enclosed_plants
D:7:      layout_loops_ring, lemuel_round_altar, nicolae_uskayaw_en_pointe,
          gammafunk_ghost_split, serial_aquarium, aquarium_bridge_straight
          [aquarium_subvault_bridge, aquarium_subvault_window,
          aquarium_subvault_bridge, aquarium_subvault_window],
          aquarium_bridge_square [aquarium_subvault_bridge,
          aquarium_subvault_wall, aquarium_subvault_wall,
          aquarium_subvault_window], aquarium_window_corner, aquarium_window_1,
          aquarium_window_corner, aquarium_window_corner, aquarium_view_2d,
          aquarium_view_2d, minmay_checkerbox, uniq_joseph
Temple:   hellmonk_temple_two_chambers

Skill      XL: |  1  2  3  4  5  6  7  8 |
---------------+-------------------------+-----
Fighting       | 2 3 4 5 6 7 |  7.8
Ranged Weapons | 4 5 6 7 8 |  8.5
Dodging        | |  1.7
Stealth        | |  0.8

Action                     |  1- 3 |  4- 6 |  7- 9 || total
---------------------------+-------+-------+-------++-------
   Fire: Shortbow          |   113 |   200 |   237 ||   550
  Evoke: Wand              |       |       |     1 ||     1
    Use: Potion            |       |     2 |     3 ||     5
         Scroll            |       |       |     3 ||     3
 Armour: Leather armour    |    24 |    38 |    47 ||   109
  Dodge: Dodged            |    63 |    85 |    87 ||   235
